 Dungeon Crawl Stone Soup version 0.29.1-2-gbd0b4ee654 (webtiles) character file.

Game seed: 376822371425955411

104 Icepheonix32 the Grave Robber (level 4, 0/36 HPs)
             Began as a Deep Elf Necromancer on Oct 31, 2022.
             Slain by an orc
             ... wielding a +0 hand axe
              (1 damage)
             ... on level 3 of the Dungeon.
             The game lasted 00:03:42 (2924 turns).

Icepheonix32 the Grave Robber (DENe)                Turns: 2924, Time: 00:03:43

Health: 0/36       AC: 22    Str:  7    XL:     4   Next: 52%
Magic:  1/10       EV:  2    Int: 20    God:
Gold:   114        SH:  0    Dex: 15    Spells: 8/9 levels left

rFire   . . .      SeeInvis .   c - staff of death
rCold   . . .      Faith    .   (no shield)
rNeg    + . .      Spirit   .   (body armour currently unavailable)
rPois   +          Reflect  .   (helmet currently unavailable)
rElec   .          Harm     .   (cloak currently unavailable)
rCorr   .          Rampage  .   (gloves currently unavailable)
Will    .....      NoTele   +   (boots currently unavailable)
Stlth   ++........              (no amulet)
HPRegen 0.12/turn               (no ring)
MPRegen 0.12/turn               (no ring)

@: tree-form
A: stationary, stasis, torment immunity, boosted hp
a: no special abilities


You were on level 3 of the Dungeon.
You were a tree.
You visited 1 branch of the dungeon, and saw 3 of its levels.

You collected 125 gold pieces.
You spent 11 gold pieces at shops.

Inventory:

Hand Weapons
 d - a +2 dagger of venom
 j - a +0 club
 l - a +0 dagger of draining
Missiles
 e - 6 boomerangs
Armour
 a - a +0 robe (melded)
Magical Staves
 c - a staff of death (weapon)
Scrolls
 f - a scroll of immolation
 g - 3 scrolls of silence
 k - a scroll of teleportation
 m - a scroll of amnesia
 o - a scroll of fear
Potions
 b - a potion of magic
 i - a potion of attraction


   Skills:
 - Level 2.4 Dodging
 - Level 2.4 Stealth
 - Level 3.0 Spellcasting
 + Level 7.1 Necromancy
 * Level 0.6 Evocations


You had 8 spell levels left.
You knew the following spells:

 Your Spells              Type           Power      Damage    Failure   Level
a - Necrotise             Necr           100%       1d9       1%          1

Your spell library contained the following spells:

 Spells                   Type           Power      Damage    Failure   Level
 Vampiric Draining        Necr           47%        2d9       2%          3
 Animate Dead             Necr           47%        N/A       8%          4
 Agony                    Necr           47%        N/A       22%         5


Dungeon Overview and Level Annotations

Branches:
Dungeon (3/15)

Altars:
Wu Jian

Shops:
D:1 !


Message History

Unknown command.
You hit the orc priest.
The orc priest is severely wounded.
The orc hits you but does no damage.
The orc priest hits you but does no damage.
You hear some strange, mumbled words.
A magic dart appears from out of thin air!
The magic dart hits you but does no damage.
The orc hits you but does no damage. x2
You closely miss the orc priest.
The orc priest is severely wounded.
The orc hits you but does no damage.
The orc priest hits you but does no damage.
You hear some strange, mumbled words.
A puff of flame appears from out of thin air!
The puff of flame hits you.
* * * LOW HITPOINT WARNING * * *
The orc hits you but does no damage. x2
You barely miss the orc priest.
The orc priest is severely wounded.
The orc hits you but does no damage.
You hear some strange, mumbled words.
A puff of flame appears from out of thin air!
The puff of flame hits you but does no damage.
The orc priest hits you but does no damage.
The orc hits you but does no damage. The orc hits you with a +0 mace.
* * * LOW HITPOINT WARNING * * *
The orc hits you but does no damage. Something hits you but does no damage.
The orc hits you but does no damage. The orc priest barely misses you.
The orc hits you with a +0 hand axe.
* * * LOW HITPOINT WARNING * * *
Your magical contamination has completely faded away.
You barely miss the orc priest.
The orc priest is heavily wounded.
The orc hits you but does no damage.
The orc priest hits you but does no damage.
Something hits you.
* * * LOW HITPOINT WARNING * * *
The orc hits you but does no damage. The orc hits you with a +0 hand axe.
You die...

.# . ## ###
..#8###8##
...).....##
......oo.8#
#....Jo♣.# ...##.
###8##{o.# #.....
##.# ##...## .....#
##..# #⌠...8# .....#
#...####...##
.....###.#.#8##...#
..................#
......#..#........8#
.........#........##


You could see an orc priest, 3 orcs and an endoplasm.

Vanquished Creatures
  An orc wizard (D:3)
  An adder (D:2)
  A dart slug (D:2)
  3 worms
  3 orcs (D:3)
  2 bats (D:2)
  4 endoplasms
  3 giant cockroaches
  6 goblins
  3 hobgoblins
  2 jackals (D:3)
  8 kobolds
  2 quokkas
  3 ball pythons
  5 frilled lizards
  2 rats
49 creatures vanquished.

Vanquished Creatures (collateral kills)
  A dart slug (D:2)
  A jackal (D:3)
2 creatures vanquished.

Grand Total: 51 creatures vanquished

Notes
Turn   | Place    | Note
-------+----------+-------------------------------------------
     0 | D:1      | Icepheonix32 the Deep Elf Necromancer began the quest for
                  | the Orb.
     0 | D:1      | Reached XP level 1. HP: 10/10 MP: 6/6
    48 | D:1      | Reached skill level 5 in Necromancy
   430 | D:1      | Found a faded altar of an unknown god.
   701 | D:1      | Reached XP level 2. HP: 15/15 MP: 5/8
   757 | D:1      | Found Bamuz's Distillery.
   765 | D:1      | Bought a potion of degeneration for 11 gold pieces
  1658 | D:2      | Reached skill level 6 in Necromancy
  1859 | D:2      | Reached XP level 3. HP: 19/19 MP: 9/9
  1860 | D:2      | Found an ornate altar of the Wu Jian Council.
  2548 | D:2      | Identified a scroll of acquirement
  2548 | D:2      | Acquired a staff of death
  2639 | D:3      | Reached skill level 7 in Necromancy
  2639 | D:3      | Reached XP level 4. HP: 12/24 MP: 6/10
  2924 | D:3      | HP: 1/36 [something (2)]
  2924 | D:3      | Slain by an orc

Illustrated notes

Levels and vault maps discovered:
D:1:      heliophobic_arrival_glass_houses, layout_basic,
          ebering_ecumenical_altar_petrified, serial_shops,
          nicolae_shop_hallway_stairs
D:2:      layout_basic, basic_altar
D:3:      layout_rooms, mainiacjoe_overflow_alcove_4, serial_corexii_hall,
          corexii_hall_statues_u, chequers_hall_statues_y,
          chequers_hall_statues_wall_a, chequers_hall_statues_wall_a,
          cheibrodos_sewer_entry_drain

Skill      XL: |  1  2  3 |
---------------+----------+-----
Necromancy     | 5 6 7 |  7.1
Dodging        | |  2.4
Stealth        | |  2.4
Spellcasting   | |  3.0
Evocations     | |  0.6

Action                   |  1- 3 |  4- 6 || total
-------------------------+-------+-------++-------
Melee: Dagger            |    24 |       ||    24
       Staff             |     8 |     8 ||    16
 Cast: Necrotise         |    66 |    20 ||    86
  Use: Scroll            |    10 |       ||    10
       Potion            |     2 |     2 ||     4
Armor: Robe              |    11 |     1 ||    12
       Skin              |       |    39 ||    39
Dodge: Dodged            |    36 |     7 ||    43
